 Dungeon Crawl Stone Soup version 0.31-a0-845-g9abc20d24f (webtiles) character file.

Game seed: 14645498431787733208

5660 Dirtsage the Cleaver (level 10, -11/88 HPs)
             Began as a Minotaur Fighter on Oct 2, 2023.
             Was a Believer of Okawaru.
             Mangled by an orc knight
             ... wielding a +0 war axe
              (17 damage)
             ... in a bailey.
             The game lasted 00:11:17 (6034 turns).

Dirtsage the Cleaver (Minotaur Fighter)             Turns: 6034, Time: 00:11:17

Health: -11/88     AC: 17    Str: 23    XL:     10   Next: 46%
Magic:  10/10      EV: 10    Int:  7    God:    Okawaru [**....]
Gold:   181        SH:  5    Dex: 10    Spells: 9/9 levels left

rFire   . . .        t - +1 war axe (vamp)
rCold   . . .        c - +0 buckler
rNeg    . . .        g - +0 chain mail
rPois   +            (helmet restricted)
rElec   .            s - +0 cloak
rCorr   +            D - +2 pair of gloves
SInv    .            e - +1 pair of boots
Will    .....        (no amulet) Stlth
                     P - ring of poison resistance
HPRegen 0.34/turn    C - ring of resist corrosion
MPRegen 0.12/turn

%: no passive effects
@: mighty
A: horns 2, retaliatory headbutt
a: Renounce Religion, Heroism


You were in a bailey.
You worshipped Okawaru.
Okawaru was pleased with you.
You visited 2 branches of the dungeon, and saw 8 of its levels.
You also visited: Bailey.

You collected 200 gold pieces.
You donated 19 gold pieces to Zin.

Inventory:

Hand Weapons
 b - a +2 hand axe of flaming
 t - a +1 vampiric war axe (weapon)
 G - a +0 broad axe
Missiles
 l - 3 throwing nets
 n - 6 boomerangs
Armour
 c - a +0 buckler (worn)
 e - a +1 pair of boots (worn)
 g - a +0 chain mail (worn)
 s - a +0 cloak (worn)
 D - a +2 pair of gloves (worn)
Jewellery
 C - a ring of resist corrosion (right hand)
 P - a ring of poison resistance (left hand)
Scrolls
 a - a scroll of teleportation {unknown}
 f - a scroll of fear {unknown}
 m - 2 scrolls of amnesia {unknown}
 o - 2 scrolls of silence {unknown}
 p - 3 scrolls of revelation {unknown}
 q - a scroll of acquirement {unknown}
 r - 2 scrolls of immolation {unknown}
 u - 2 scrolls of identify {unknown}
 x - 3 scrolls of poison {unknown}
 y - a scroll of vulnerability {unknown}
 B - 3 scrolls of blinking
 E - 2 scrolls of enchant weapon {unknown}
Potions
 h - 2 potions of heal wounds {unknown}
 i - 6 potions of curing {unknown}
 j - 2 potions of invisibility {unknown}
 k - 2 potions of lignification {unknown}
 v - a potion of ambrosia {unknown}
 w - a potion of brilliance {unknown}
 z - 2 potions of mutation {unknown}
 A - a potion of resistance {unknown}
 F - a potion of magic {unknown}


   Skills:
 + Level 7.6 Fighting
 * Level 13.1 Axes
 + Level 7.6 Armour
 + Level 5.7 Dodging
 + Level 7.4 Shields
 + Level 2.6 Invocations


You had 9 spell levels left.
You didn't know any spells.
Your spell library was empty.

Dungeon Overview and Level Annotations

Branches:
Dungeon (7/15)             Temple (1/1) D:7          Bailey (1/1)

Altars:
Ashenzari
Cheibriados
Dithmenos
Elyvilon
Fedhas
Gozag
Makhleb
Nemelex Xobeh
Okawaru
Qazlal
Ru
Uskayaw
Vehumet
Wu Jian
Yredelemnul
Zin


Innate Abilities, Weirdness & Mutations

You have a pair of horns on your head.
You reflexively headbutt those who attack you in melee.


Message History

The orc warlord roars a battlecry!
The orc knight goes into a battle-frenzy!
You slash the orc warlord!
You feel better.
You headbutt the orc warlord!!
You kill the orc warlord!
Okawaru is honoured by your kill.
Your Axes skill increases to level 13!
You regained 5 hp, and now have 48/88 hp.
You slash the orc knight!
The orc knight is lightly wounded.
You miss the orc knight.
The orc knight is lightly wounded.
The orc knight hits you with a +0 war axe!
You take 7 damage, and have 41/88 hp.
You slice the orc knight!!
You feel better.
You headbutt the orc knight.
The orc knight is heavily wounded.
The orc knight hits you with a +0 war axe!!
* * * LOW HITPOINT WARNING * * *
You take 25 damage, and have 16/88 hp.
MASSIVE DAMAGE!!
You closely miss the orc knight.
The orc knight is heavily wounded.
You block the orc knight's attack.
You closely miss the orc knight.
The orc knight is heavily wounded.
The orc knight misses you.
You slash the orc knight!
You feel better.
The orc knight is severely wounded.
The orc knight hits you with a +0 war axe!!
* * * LOW HITPOINT WARNING * * *
The orc warrior shouts noisily.
You take 16 damage, and have 1/88 hp.
You slash the orc knight!
You feel better.
The orc knight is almost dead.
The orc warrior no longer looks unusually strong.
The orc knight roars a battlecry!
The orc warrior goes into a battle-frenzy!
You regained 4 hp, and now have 5/88 hp.
You barely miss the orc knight. Your headbutt misses the orc knight.
The orc knight is almost dead.
The orc knight hits you with a +0 war axe!
You die...

#..........)#.........
#...........#.........
###.........###.......)
###.#'#.....###.###.....#
###...))###.###...
###.### ##.......).###
.... ###.. #..........8#
o.... #...
#.........)8#og.... #...
#∩....⌠....@ogo.... #...
#..........8#og.... #...
#..........8# ..... #...
##.........### .... ##..
###.....###.###... ###
###.#'#.....###. #
###[).......##
#...........#
#...........#


You could see an orc knight (strong), 3 orc warriors, an orc (strong) and 3
hobgoblins.

Vanquished Creatures
  An orc warlord (Bailey)
  An orc knight (Bailey)
  Grinder (D:3)
  Sigmund (D:2)
  Eustachio (D:4)
  Edmund (D:5)
  Duvessa (D:5)
  11 orc warriors
  5 black bears
  An ogre (D:5)
  A centaur (D:5)
  A phantom (D:7)
  2 kobold brigands (D:6)
  Blork the orc (D:4)
  A bullfrog (D:7)
  A gnoll sergeant (D:6)
  4 scorpions
  Dowan (D:5)
  6 killer bees
  3 hounds (D:6)
  3 orc priests
  3 jellies
  A sleepcap (D:5)
  4 orc wizards
  Terence (D:3)
  5 iguanas
  28 gnolls
  4 adders
  2 ufetubi
  2 worms (D:2)
  38 orcs
  4 endoplasms
  3 giant cockroaches
  16 goblins
  14 hobgoblins
  9 jackals
  7 quokkas
  2 ball pythons
  5 bats
  A frilled lizard (D:1)
  20 kobolds
  3 rats
220 creatures vanquished.

Notes
Turn   | Place    | Note
-------+----------+-------------------------------------------
     0 | D:1      | Dirtsage the Minotaur Fighter began the quest for the Orb.
     0 | D:1      | Reached XP level 1. HP: 19/19 MP: 0/0
   136 | D:1      | Reached skill level 3 in Axes
   148 | D:1      | Reached XP level 2. HP: 25/26 MP: 1/1
   398 | D:1      | Found a faded altar of an unknown god.
   527 | D:1      | Reached skill level 4 in Axes
   817 | D:1      | Reached XP level 3. HP: 31/31 MP: 2/2
  1355 | D:2      | Reached skill level 5 in Axes
  1357 | D:2      | Reached XP level 4. HP: 39/39 MP: 3/3
  1400 | D:2      | Noticed Sigmund
  1416 | D:2      | Killed Sigmund
  1417 | D:2      | Reached skill level 7 in Axes
  1417 | D:2      | Reached XP level 5. HP: 35/45 MP: 4/4
  1721 | D:2      | Reached XP level 6. HP: 49/51 MP: 5/5
  2088 | D:3      | Noticed Grinder
  2092 | D:3      | Paralysed by Grinder for 3 turns
  2098 | D:3      | Killed Grinder
  2099 | D:3      | Reached skill level 9 in Axes
  2339 | D:3      | Noticed Terence
  2343 | D:3      | Killed Terence
  2344 | D:3      | Reached XP level 7. HP: 48/57 MP: 6/6
  2728 | D:4      | Noticed Eustachio
  2763 | D:4      | Killed Eustachio
  2764 | D:4      | Reached skill level 1 in Dodging
  2920 | D:4      | Noticed Blork the orc
  2926 | D:4      | Killed Blork the orc
  3101 | D:4      | Reached skill level 10 in Axes
  3167 | D:4      | Reached XP level 8. HP: 54/67 MP: 7/7
  3465 | D:5      | Entered Level 5 of the Dungeon
  3488 | D:5      | Noticed Duvessa
  3488 | D:5      | Noticed Dowan
  3497 | D:5      | Killed Dowan
  3505 | D:5      | Killed Duvessa
  3506 | D:5      | Reached skill level 5 in Fighting
  3506 | D:5      | Reached skill level 5 in Armour
  3511 | D:5      | Reached skill level 5 in Shields
  3817 | D:5      | Noticed Edmund
  3829 | D:5      | Killed Edmund
  4034 | D:5      | Reached skill level 11 in Axes
  4455 | D:6      | Reached XP level 9. HP: 66/75 MP: 8/8
  4476 | D:6      | Identified the +0 pair of gloves of Acuol {rF- Dex+4}
  5161 | D:6      | Reached skill level 12 in Axes
  5265 | D:7      | Found a staircase to the Ecumenical Temple.
  5271 | Temple   | Entered the Ecumenical Temple
  5287 | Temple   | Became a worshipper of Zin the Law-Giver
  5287 | Temple   | Reached * piety under Zin
  5387 | Temple   | Fell from the grace of Zin
  5387 | Temple   | Became a worshipper of Warmaster Okawaru
  5490 | D:7      | Found a flagged portal.
  5499 | Bailey   | Entered a bailey
  5549 | Bailey   | Reached skill level 5 in Dodging
  5549 | Bailey   | Reached skill level 1 in Invocations
  5586 | Bailey   | Noticed an orc knight
  5603 | Bailey   | Reached * piety under Okawaru
  5604 | Bailey   | Killed an orc knight
  5605 | Bailey   | Reached XP level 10. HP: 24/86 MP: 8/10
  5885 | Bailey   | Reached ** piety under Okawaru
  6001 | Bailey   | Noticed an orc knight
  6001 | Bailey   | Noticed an orc warlord
  6026 | Bailey   | Killed an orc warlord
  6027 | Bailey   | Reached skill level 13 in Axes
  6032 | Bailey   | HP: 1/88 [orc knight/+0 war axe (22)]
  6034 | Bailey   | Mangled by an orc knight

Illustrated notes

Levels and vault maps discovered:
D:1:      lightli_arrival_quake, layout_basic,
          ebering_ecumenical_altar_petrified, minivault_27, hangedman_decor_push
D:2:      layout_basic, uniq_sigmund
D:3:      layout_loops_ring, nicolae_overflow_hidden_temple,
          nicolae_elevator_lobby_plus, uniq_grinder, uniq_terence
D:4:      layout_basic, uniq_eustachio, uniq_blork_the_orc
D:5:      layout_loops_ring, uniq_edmund, uniq_duvessa
D:6:      layout_basic
D:7:      layout_cave_pools, minmay_temple_entry_nine_rooms, enter_bailey_7,
          item_on_display_b
Temple:   regret_index_temple_sphere_string
Bailey:   bailey_axe_minmay_hex_keep, bailey

Skill      XL: |  1  2  3  4  5  6  7  8  9 10 |
---------------+-------------------------------+-----
Axes           | 3 4 5 7 9 10 11 12 13 | 13.1
Fighting       | 4 5 7 |  7.6
Armour         | 4 5 7 |  7.6
Dodging        | 1 3 5 |  5.7
Shields        | 4 5 7 |  7.4
Invocations    | 1 2 |  2.6

Action                     |  1- 3 |  4- 6 |  7- 9 | 10-12 || total
---------------------------+-------+-------+-------+-------++-------
  Melee: War axe           |    27 |       |   277 |    70 ||   374
         Headbutt          |     2 |    10 |    42 |    18 ||    72
         Hand axe          |    34 |    62 |    58 |       ||   154
 Invoke: Heroism           |       |       |       |     1 ||     1
    Use: Scroll            |       |     1 |       |       ||     1
         Potion            |       |       |     1 |     1 ||     2
 Armour: Scale mail        |    37 |    31 |       |       ||    68
         Chain mail        |       |       |   328 |    44 ||   372
  Dodge: Dodged            |    35 |    20 |   165 |    16 ||   236
  Block: Buckler           |    12 |     8 |   101 |    15 ||   136

Table legend: (Time is in decaauts)
 A = Elapsed time spent in this place.
 B = Non-inter-level travel time spent in this place.
 C = Inter-level travel time spent in this place.
 D = Time resting spent in this place.
 E = Time spent auto-exploring this place.
 F = Levels seen in this place.
 G = Mean time per level.
                   A        B        C        D        E       F      G
               +--------+--------+--------+--------+--------+-----+--------+
         Total |   6016 |   5699 |    317 |    276 |   4446 |   9 |  668.4 |
       Dungeon |   5429 |   5173 |    256 |    276 |   4058 |   7 |  775.6 |
        Temple |     66 |      5 |     61 |      0 |      0 |   1 |   66.0 |
        Bailey |    521 |    521 |      0 |      0 |    388 |   1 |  521.0 |
               +--------+--------+--------+--------+--------+-----+--------+

Top non-repeatable levels by time:
     D:1: 994 daAuts
     D:2: 887 daAuts
     D:5: 864 daAuts
     D:6: 835 daAuts
     D:4: 816 daAuts
     D:3: 769 daAuts
  Bailey: 521 daAuts
     D:7: 263 daAuts
  Temple: 66 daAuts
